 Dungeon Crawl Stone Soup version 0.30-b1-2-g02819fbbbe (webtiles) character file.

Game seed: 10214272397178559419

28 redmage the Digger (level 3, -3/26 HPs)
             Began as a Meteoran Earth Elementalist on Aug 15, 2023.
             Slain by Sigmund
             ... wielding a +1 scythe of protection
              (4 damage)
             ... on level 2 of the Dungeon.
             The game lasted 00:02:31 (123 turns).

redmage the Digger (Meteoran Earth Elementalist)     Turns: 123, Time: 00:02:32

Health: -3/26      AC:  4    Str:  9    XL:     3   Next: 47%
Magic:  8/9        EV: 12    Int: 21    God:
Gold:   8          SH:  0    Dex: 15    Spells: 8/9 levels left

rFire   . . .        d - +0 dagger (venom)
rCold   . . .        (no shield)
rNeg    . . .        a - +0 robe
rPois   .            f - +1 helmet {Int+3}
rElec   .            (no cloak)
rCorr   .            (no gloves)
SInv    .            (no boots)
Will    .....        (no amulet)
Stlth   +            (no ring)
HPRegen 0.24/turn    (no ring)
MPRegen 0.11/turn

%: no passive effects
@: glowing
A: sense surroundings 1, otherworldly, glowing, explore regen
a: no special abilities


You were on level 2 of the Dungeon.
You visited 1 branch of the dungeon, and saw 2 of its levels.

You collected 8 gold pieces.

Inventory:

Hand Weapons
 d - a +0 dagger of venom (weapon)
Armour
 a - a +0 robe (worn)
 f - a +1 helmet of intelligence (worn)
Potions
 e - a potion of berserk rage {unknown}


   Skills:
 - Level 2.5 Dodging
 - Level 1.4 Stealth
 + Level 3.5 Spellcasting
 - Level 1.3 Transmutations
 + Level 4.3 Earth Magic


You had 8 spell levels left.
You knew the following spells:

 Your Spells              Type           Power      Damage    Failure   Level
a - Sandblast             Erth           44%        2d11      1%          1

Your spell library contained the following spells:

 Spells                   Type           Power      Damage    Failure   Level
 Passwall                 Tmut/Erth      12%        N/A       6%          2
 Stone Arrow              Conj/Erth      24%        3d8       16%         3
 Petrify                  Tmut/Erth      15%        N/A       36%         4


Dungeon Overview and Level Annotations

Branches:
Dungeon (2/15) Zot: 1066

Altars:

Annotations:
D:2 Sigmund


Innate Abilities, Weirdness & Mutations

You passively map a small area around you.
You are easily found by Zot.
You glow in the dark.
You regain HP and MP as you explore.


Message History

Deactivating autopickup; reactivate with Ctrl-A.
Casting: Sandblast (safe; 1% risk of failure)
Confirm with . or Enter, or press ? or * to list all spells.
Aiming: Sandblast (safe; 1% risk of failure)
Press: ? - help, Shift-Dir - straight line The blast of sand hits something but does no damage.
Something hits you.
Unknown command.
Casting: Sandblast (safe; 1% risk of failure)
Confirm with . or Enter, or press ? or * to list all spells.
Aiming: Sandblast (safe; 1% risk of failure)
Press: ? - help, Shift-Dir - straight line The blast of sand hits something but does no damage.
You hear some strange, mumbled words.
You are confused.
Something hits you but does no damage.
Unknown command.
It was a potion of curing.
You feel better.
Casting: Sandblast (safe; 1% risk of failure)
Confirm with . or Enter, or press ? or * to list all spells.
Aiming: Sandblast (safe; 1% risk of failure)
Press: ? - help, Shift-Dir - straight line The blast of sand hits something!!
Something hits you!
Unknown command.
Magic courses through your body. Something hits you.
Your magical contamination has completely faded away.
Casting: Sandblast (safe; 1% risk of failure)
Confirm with . or Enter, or press ? or * to list all spells.
Aiming: Sandblast (safe; 1% risk of failure)
Press: ? - help, Shift-Dir - straight line The blast of sand hits something but does no damage.
Something hits you!
* * * LOW HITPOINT WARNING * * *
Casting: Sandblast (safe; 1% risk of failure)
Confirm with . or Enter, or press ? or * to list all spells.
Aiming: Sandblast (safe; 1% risk of failure)
Press: ? - help, Shift-Dir - straight line The blast of sand hits something but does no damage.
Something hits you.
You die...

#.......'.......# , ,
#.......#######.# * ,, ,
#........# #)# * * * *
#........## #.#
#.........#####)########
#.......#.......).......
#..##########{..####..#.
#.. * * #.......... ,
.... ,,,,,, #@#).###..#
* * *#. ,, , *#.##.... ,
, ,* #.# ####..* , * *
#.# * , * * #.# , , #.#
* * * #.# , , ..# , *


There were no monsters in sight!

Vanquished Creatures
  Robin (D:2)
  A dart slug (D:1)
  A bat (D:1)
  A hobgoblin (D:2)
  9 goblins
13 creatures vanquished.

Notes
Turn   | Place    | Note
-------+----------+-------------------------------------------
     0 | D:1      | redmage the Meteoran Earth Elementalist began the quest for
                  | the Orb.
     0 | D:1      | Reached XP level 1. HP: 14/14 MP: 5/5
    32 | D:1      | Reached XP level 2. HP: 20/20 MP: 6/6
    43 | D:2      | Noticed Robin
    54 | D:2      | Reached skill level 4 in Earth Magic
    60 | D:2      | Killed Robin
    61 | D:2      | Reached XP level 3. HP: 6/26 MP: 0/9
   102 | D:2      | Noticed Sigmund
   122 | D:2      | HP: 1/26 [something (11)]
   123 | D:2      | Slain by Sigmund

Illustrated notes

Levels and vault maps discovered:
D:1:      psy_arrival_heroes, layout_basic, serial_shops, nicolae_shop_trees,
          grunt_decor_clamped
D:2:      layout_basic, uniq_natasha, uniq_robin, uniq_terence, uniq_sigmund

Skill      XL: |  1  2 |
---------------+-------+-----
Spellcasting   | 3 |  3.5
Earth Magic    | 4 |  4.3
Dodging        | |  2.5
Stealth        | |  1.4
Transmutations | |  1.3

Action                     || total
---------------------------++-------
  Melee: Dagger            ||     7
   Cast: Sandblast         ||    20
    Use: Potion            ||     2
 Armour: Robe              ||     6
  Dodge: Dodged            ||     8
